 Dungeon Crawl Stone Soup version 0.17-a0-764-gd40c196 (webtiles) character file.

347 Laa the Skirmisher (level 6, -16/33 HPs)
             Began as a Vine Stalker Fighter on Apr 23, 2015.
             Demolished by Menkaure (17 damage)
             ... on level 4 of the Dungeon.
             The game lasted 00:08:01 (2669 turns).

Laa the Skirmisher (Vine Stalker Fighter)           Turns: 2669, Time: 00:08:02

Health: -16/33     AC:  8    Str: 19    XL:     6   Next: 59%
Magic:  0/7        EV:  7    Int:  8    God:
Gold:   111        SH:  9    Dex: 15    Spells: 0 memorised, 5 levels left

rFire  . . .     SeeInvis .     a - +0 flail
rCold  . . .     Clarity  .     b - +0 scale mail
rNeg   + . .     SustAb   .     c - +0 shield
rPois  .         Gourm    .     t - +0 helmet
rElec  .         Spirit   +     (no cloak)
rCorr  .         Warding  +     (no gloves)
rMut   .         Stasis   .     (no boots)
MR     .....                    v - amulet of warding
Stlth  ..........               (no ring)
                                (no ring)

@: not resistant to hostile enchantments, extremely unstealthy
A: fangs 2, regeneration 2, shaggy fur 1, magic shield, antimagic bite, no
device heal 3, rot immunity
a: no special abilities


You were on level 4 of the Dungeon.
You were not hungry.

You visited 1 branch of the dungeon, and saw 4 of its levels.

You collected 111 gold pieces.


Innate Abilities, Weirdness & Mutations

You have extremely sharp teeth.
You heal very quickly.
You are covered in fur (AC +1).
When hurt, damage is shared between your health and your magic reserves.
Your bite disrupts and absorbs the magic of your enemies.
Potions and wands cannot restore your health.
You are immune to rotting.


   Skills:
 + Level 4.2 Fighting
 * Level 4.2 Maces & Flails
 - Level 2.4 Armour
 + Level 4.0 Shields


You had 5 spell levels left.
You didn't know any spells.

Inventory:

Hand weapons
 a - a +0 flail (weapon)
Missiles
 o - 14 poisoned needles
Armour
 b - a +0 scale mail (worn)
 c - a +0 shield (worn)
 t - a +0 helmet (worn)
Rods
 r - a -1 rod of the swarm (10/10)
Jewellery
 n - an uncursed amulet of rage {unknown}
 v - an amulet of warding (around neck)
Magical devices
 q - a wand of digging (0)
Scrolls
 i - 4 scrolls of identify {unknown}
 l - 2 scrolls of magic mapping {unknown}
 m - a scroll of teleportation {unknown}
Potions
 d - 2 potions of might
 g - a potion of curing {unknown}
 h - 2 potions of cancellation {unknown}
 j - 2 potions of invisibility {unknown}
 k - a potion of resistance
 p - a potion of restore abilities {unknown}
 s - a potion of magic {unknown}
Comestibles
 e - a bread ration
 f - a meat ration
 u - 3 chunks of flesh

Dungeon Overview and Level Annotations

Branches:
Dungeon (4/15)
 Temple: D:4-7

Altars:
Elyvilon
Vehumet

Annotations:
D:3 Grinder
D:4 Menkaure


Message History

You sock Menkaure!
Menkaure is heavily damaged.
Menkaure hits you!
You hit Menkaure but do no damage.
Menkaure is heavily damaged.
Menkaure barely misses you.
You barely miss Menkaure. Your bite misses Menkaure.
Menkaure is heavily damaged.
Menkaure casts a spell.
Menkaure seems to speed up.
You sock Menkaure!
Menkaure is severely damaged.
You block Menkaure's attack.
Menkaure calls on the powers of darkness!
Your body is wracked with pain!
You hit Menkaure.
Menkaure is severely damaged.
Menkaure barely misses you.
You hit Menkaure. You bite Menkaure, but do no damage.
Menkaure is almost destroyed.
Menkaure closely misses you. You block Menkaure's attack.
You hit Menkaure but do no damage.
Menkaure is almost destroyed.
Menkaure hits you!!
Ouch! That really hurt!
You hit Menkaure but do no damage.
Menkaure is almost destroyed.
You block Menkaure's attack. Menkaure hits you!
Ouch! That really hurt!
You die...

### #.#######
#.M....... #@# #.# ##
#.# #..
####.####.###########
#....................
###.#.#.#.#.#.#.....###
#...................# #
#.....⌠.....⌠....)..# #
#........_..........# #


You could see Menkaure.

Action                   |  1- 3 |  4- 6 || total
-------------------------+-------+-------++-------
Melee: Flail             |   110 |   189 ||   299
  Eat: Chunk             |     1 |     5 ||     6

Notes
Turn   | Place    | Note
--------------------------------------------------------------
     0 | D:1      | Laa, the Vine Stalker Fighter, began the quest for the Orb.
     0 | D:1      | Reached XP level 1. HP: 11/11 MP: 2/2
   168 | D:1      | Reached XP level 2. HP: 16/16 MP: 3/3
   503 | D:1      | Reached skill level 3 in Shields
   703 | D:2      | Reached XP level 3. HP: 17/20 MP: 4/4
  1164 | D:2      | Reached XP level 4. HP: 24/24 MP: 5/5
  1640 | D:2      | Reached XP level 5. HP: 23/28 MP: 6/6
  1742 | D:3      | Noticed Terence
  1836 | D:3      | Killed Terence
  1891 | D:3      | Noticed Grinder
  1976 | D:4      | Found a radiant altar of Vehumet.
  2277 | D:4      | Gained mutation: You heal very quickly. [Vine Stalker growth]
  2277 | D:4      | Reached XP level 6. HP: 29/33 MP: 5/7
  2312 | D:4      | Noticed Robin
  2335 | D:4      | Noticed an ogre
  2366 | D:3      | Reached skill level 4 in Fighting
  2416 | D:3      | Paralysed by Grinder for 5 turns
  2472 | D:4      | Killed an ogre
  2472 | D:4      | Reached skill level 4 in Maces & Flails
  2472 | D:4      | Reached skill level 4 in Shields
  2500 | D:4      | Killed Robin
  2529 | D:4      | Found a white marble altar of Elyvilon.
  2661 | D:4      | Noticed Menkaure
  2668 | D:4      | HP: 1/33 [Menkaure (18)]
  2669 | D:4      | Demolished by Menkaure

Vault maps used:
D:1:      ncdulo_smallfort
D:3:      uniq_terence, uniq_grinder
D:4:      lemuel_crystal_altar, old_standard_altar, elyvilon_altar_5,
          uniq_menkaure, uniq_robin

Vanquished Creatures
  An ogre
  A scorpion Terence Robin
  7 adders
  3 gnolls
  An ooze
  4 worms
  5 giant geckos
  5 ball pythons
  6 bats
  4 giant cockroaches
  10 hobgoblins
  4 jackals
  3 quokkas
  5 giant newts
  11 goblins
  3 kobolds
  5 rats
80 creatures vanquished.

Table legend:
 A = Turns spent in this place as a percentage of turns spent in the entire game.
 B = Non-inter-level travel turns spent in this place as a percentage of non-inter-level travel turns spent in the entire game.
 C = Inter-level travel turns spent in this place as a percentage of turns spent in this place.
 D = Turns resting spent in this place as a percentage of non-inter-level travel turns spent in this place.
 E = Turns spent auto-exploring this place as a percentage of non-inter-level travel turns spent in this place.
 F = Non-inter-level travel turns spent in this place divided by the number of levels of this place that you've seen.
                   A       B       C       D       E      F
               +-------+-------+-------+-------+-------+----------------------
         Total | 100.0 | 100.0 |   0.3 |   2.2 |  10.2 | 257.2
       Dungeon | 100.0 | 100.0 |   0.3 |   2.2 |  10.2 | 257.2
               +-------+-------+-------+-------+-------+----------------------

Table legend:
 A = Kills in this place as a percentage of kills in entire the game.
 B = Kills by you in this place as a percentage of kills by you in the entire game.
 C = Kills by friends in this place as a percentage of kills by friends in the entire game.
 D = Other kills in this place as a percentage of other kills in the entire game.
 E = Experience gained in this place as a percentage of experience gained in the entire game.
 F = Experience gained in this place divided by the number of levels of this place that you have seen.
                   A       B       C       D       E      F
               +-------+-------+-------+-------+-------+----------------------
         Total | 100.0 | 100.0 |  -nan |  -nan | 100.0 | 124.0
       Dungeon | 100.0 | 100.0 |  -nan |  -nan | 100.0 | 124.0
               +-------+-------+-------+-------+-------+----------------------
